 Dungeon Crawl Stone Soup version 0.19-a0-1676-g39ae8cc (webtiles) character file.

198 Amnesiac the Digger (level 5, 28/28 HPs)
             Began as a Deep Elf Earth Elementalist on Sept 23, 2016.
             Quit the game on level 4 of the Dungeon.
             The game lasted 00:04:15 (3112 turns).

Amnesiac the Digger (Deep Elf Earth Elementalist)   Turns: 3112, Time: 00:04:15

Health: 28/28      AC:  4    Str:  5    XL:     5   Next: 47%
Magic:  14/14      EV: 13    Int: 23    God:
Gold:   97         SH:  0    Dex: 15    Spells: 4 memorised, 3 levels left

rFire  . . .     SeeInvis .     b - 62 stones
rCold  . . .     Gourm    .     c - +0 robe
rNeg   . . .     Faith    .     (no shield)
rPois  .         Spirit   .     (no helmet)
rElec  .         Dismiss  .     o - +0 cloak
rCorr  .         Reflect  .     u - +0 pair of gloves
MR     .....     Harm     +     (no boots)
Stlth  ++........               g - amulet of harm
                                (no ring)
                                p - +2 ring of intelligence

@: no status effects
A: no striking features
a: no special abilities


You were on level 4 of the Dungeon.
You were not hungry.

You visited 2 branches of the dungeon, and saw 5 of its levels.

You collected 97 gold pieces.

Inventory:

Hand Weapons
 A - a +2 dagger of freezing
Missiles
 b - 62 stones (in hand)
Armour
 c - a +0 robe (worn)
 o - a +0 cloak (worn)
 u - a +0 pair of gloves (worn)
Jewellery
 g - an amulet of harm (around neck)
 p - a +2 ring of intelligence (left hand)
Wands
 f - a wand of disintegration (18/24)
 C - a wand of polymorph (12/24)
Scrolls
 l - 3 scrolls of identify
 n - a scroll of immolation {unknown}
 q - 2 scrolls of remove curse
 s - 2 scrolls of fear {unknown}
 y - a scroll of amnesia {unknown}
Potions
 a - 4 potions of curing
 i - a potion of magic {unknown}
 k - 2 potions of degeneration {unknown}
 m - a potion of beneficial mutation {unknown}
 t - 2 potions of brilliance {unknown}
 v - 4 potions of mutation {unknown}
 w - a potion of cancellation {unknown}
 x - 2 potions of resistance {unknown}
 z - a potion of invisibility {unknown}
 B - a potion of haste {unknown}
Books
 e - a book of Geomancy

   Spells                             Type                      Level
   a - Sandblast                      Earth                        1
   b - Passwall                       Transmutation/Earth          2
   c - Stone Arrow                    Conjuration/Earth            3
   d - Petrify                        Transmutation/Earth          4
   e - Lee's Rapid Deconstruction     Earth                        5
Comestibles
 d - 2 bread rations
 h - 3 slices of pizza
 j - a beef jerky
 r - a meat ration


   Skills:
 - Level 2.4 Dodging
 - Level 2.4 Stealth
 + Level 5.1 Spellcasting
 - Level 1.1 Transmutations
 * Level 5.9 Earth Magic


You had 3 spell levels left.
You knew the following spells:

 Your Spells              Type           Power        Failure   Level  Hunger
a - Lee's Rapid Deconstr  Erth           ####......   24%         5    #####..
f - Stone Arrow           Conj/Erth      ###...       10%         3    ##.....
v - Passwall              Tmut/Erth      ###.......   3%          2    None
z - Sandblast             Erth           ####..       1%          1    None


Dungeon Overview and Level Annotations

Branches:
Dungeon (4/15)             Temple (1/1) D:4

Altars:
Dithmenos
Elyvilon
Fedhas
Gozag
Kikubaaqudgha
Makhleb
Okawaru
Ru
Trog
Vehumet
Xom
Zin
The Shining One


Message History

Found a stone staircase leading down.
n - a scroll labeled OROFIA UMOR You see here a smoking hunting sling.
You are near starving!
You see here a smoking hunting sling.
There is a stone staircase leading down here.
Key pressed, stopping explore.
You are starving!
You need to eat something NOW!
You need to eat something NOW!
You need to eat something NOW!
You start eating one of the 3 bread rations.
You continue eating. x2
You finish eating.
That bread ration really hit the spot!
Found 8 arrows.
You see here 8 arrows.
You see here 8 arrows.
Done exploring.
Done exploring.
Are you sure you want to abandon this character and quit the game? (Confirm with "yes".)

............###.......###
....###....## ##....###
..#####....# ##..## ..##
#....## #..# ...# #....#
#.## ...###....# #.#
....##...## ##.#
....#....# ###..######
.........#####..@......#
###.............##..####
#...##......#####.##
#..####...### #.# ##.##
#..## #.# #..#
##.########.## ..##
#..##.......# ..#
##..........## .##
##.........#..####


There were no monsters in sight!

Vanquished Creatures
  A hound (D:4)
  2 worker ants (D:4)
  3 gnolls (D:3)
  2 adders
  An ooze (D:1)
  3 dart slugs
  2 leopard geckos (D:3)
  An orc (D:3)
  A giant cockroach (D:2)
  5 goblins
  7 hobgoblins
  7 jackals
  A quokka (D:3)
  8 bats
  4 frilled lizards
  8 kobolds
  8 rats
64 creatures vanquished.

Notes
Turn   | Place    | Note
-------+----------+-------------------------------------------
     0 | D:1      | Amnesiac the Deep Elf Earth Elementalist began the quest for the Orb.
     0 | D:1      | Reached XP level 1. HP: 10/10 MP: 6/6
    94 | D:1      | Reached XP level 2. HP: 14/15 MP: 1/8
   281 | D:2      | Learned a level 2 spell: Passwall
   540 | D:4      | Found a staircase to the Ecumenical Temple.
   544 | D:4      | Found a burning altar of Makhleb.
   552 | D:4      | Reached XP level 3. HP: 12/19 MP: 2/10
   558 | Temple   | Entered the Ecumenical Temple
   563 | Temple   | Learned a level 3 spell: Stone Arrow
   828 | D:1      | Reached XP level 4. HP: 24/24 MP: 2/12
  1616 | D:3      | Reached skill level 5 in Earth Magic
  1621 | D:3      | Found a sacrificial altar of Ru.
  1919 | D:3      | Found a glowing golden altar of the Shining One.
  2097 | D:3      | Reached XP level 5. HP: 28/28 MP: 11/14
  2125 | D:3      | Learned a level 5 spell: Lee's Rapid Deconstruction
  2200 | D:4      | Reached skill level 5 in Spellcasting
  2575 | D:4      | Found a shadowy altar of Dithmenos.
  3112 | D:4      | Quit the game

Vault maps used:
D:1:      lightli_arrival_chessboard
D:2:      minmay_misc_feat_encased
D:3:      lemuel_crystal_altar, nicolae_overflow_crystal_walls
D:4:      makhleb_heckhound_becter, nicolae_dithmenos_shadow_blocks
Temple:   zaba_magenta_temple

Skill      XL: |  1  2  3  4  5 |
---------------+----------------+-----
Earth Magic    | 4 5 |  5.9
Spellcasting   | 4 5 |  5.1
Dodging        | |  2.4
Stealth        | |  2.4
Transmutations | |  1.1

Action                   |  1- 3 |  4- 6 || total
-------------------------+-------+-------++-------
Melee: Unarmed           |     2 |       ||     2
 Cast: Sandblast         |    50 |    45 ||    95
  Use: Scroll            |     3 |       ||     3
  Eat: Chunk             |       |     4 ||     4
       Bread ration      |       |     1 ||     1
Armor: Robe              |     3 |       ||     3
Dodge: Dodged            |    18 |     2 ||    20
